 Dungeon Crawl Stone Soup version 0.27.1 (webtiles) character file.

Game seed: 8478848924463078129

8836 Malachi the Fighter (level 11, -4/97 HPs)
             Began as a Ghoul Fighter on Aug 22, 2021.
             Was a Priest of Qazlal.
             Killed by divine providence
             ... invoked by an orc priest
              (10 damage)
             ... on level 10 of the Dungeon.
             The game lasted 00:18:35 (11835 turns).

Malachi the Fighter (Ghoul Fighter)                Turns: 11835, Time: 00:18:37

Health: -4/97      AC: 14    Str: 37    XL:     11   Next: 37%
Magic:  9/15       EV:  8    Int:  3    God:    Qazlal [***...]
Gold:   512        SH: 16    Dex:  8    Spells: 10/10 levels left

rFire    . . .     SeeInvis .   i - +7 eveningstar "Finymuoh" {vorpal, rC+ Str+7}
rCold    + + .     Faith    .   c - +0 kite shield
rNeg     + + +     Spirit   .   s - +0 chain mail
rPois    ∞         Reflect  .   r - +0 helmet
rElec    .         Harm     .   (no cloak)
rCorr    .         Rampage  .   o - +0 pair of gloves
Will     .....                  m - +0 pair of boots
Stlth    ..........             (no amulet)
HPRegen  0.00/turn              v - +6 ring of strength
MPRegen  0.14/turn              (no ring)

@: flying, inhibited regen
A: claws 1, cold resistance 1, negative energy resistance 3, inhibited
regeneration, torment resistance 2
a: Renounce Religion, Upheaval, Elemental Force


You were on level 10 of the Dungeon.
You worshipped Qazlal.
Qazlal was most pleased with you.
You visited 2 branches of the dungeon, and saw 11 of its levels.
You also visited: Ossuary.

You collected 512 gold pieces.

Inventory:

Hand Weapons
 d - a +5 morningstar of protection
 i - the +7 eveningstar "Finymuoh" (weapon) {vorpal, rC+ Str+7}
   (You acquired it on level 7 of the Dungeon)

   It inflicts extra damage upon your enemies.
   Str:       It affects your strength (+7).
   rC:        It protects you from cold.
Missiles
 g - 4 boomerangs (quivered)
Armour
 c - a +0 kite shield (worn)
 m - a +0 pair of boots (worn)
 o - a +0 pair of gloves (worn)
 p - a +0 tower shield of reflection
 r - a +0 helmet (worn)
 s - a +0 chain mail (worn)
Jewellery
 a - an amulet of guardian spirit
 v - a +6 ring of strength (left hand)
Wands
 k - a wand of polymorph (9)
 w - a wand of acid (29)
Scrolls
 b - 2 scrolls of teleportation
 n - 3 scrolls of identify
 u - a scroll of magic mapping
Potions
 e - a potion of flight
 f - 5 potions of curing
 h - 3 potions of haste
 j - 2 potions of attraction
 l - a potion of might
 q - a potion of brilliance
 t - a potion of magic


   Skills:
 + Level 9.4 Fighting
 + Level 7.5 Maces & Flails
 + Level 7.9 Armour
 + Level 7.9 Shields
 + Level 7.4 Invocations


You had 10 spell levels left.
You didn't know any spells.
Your spell library contained the following spells:

 Spells                   Type           Power      Damage    Failure   Level
 Blink                    Tloc           N/A        N/A       100%        2
 Lesser Beckoning         Tloc           0%         N/A       100%        3
 Manifold Assault         Tloc           0%         N/A       100%        5


Dungeon Overview and Level Annotations

Branches:
Dungeon (10/15)            Temple (1/1) D:4            Lair (0/6) D:9
Ossuary (visited)
    Orc: D:9-12

Altars:
Ashenzari
Cheibriados
Dithmenos
Elyvilon
Fedhas
Gozag
Hepliaklqana
Kikubaaqudgha
Makhleb
Nemelex Xobeh
Okawaru
Qazlal
Ru
Sif Muna
Trog
Uskayaw
Vehumet
Wu Jian
Xom
Yredelemnul
Zin
The Shining One

Shops:
D:2 ?   D:8 !

Annotations:
D:10 1 transporter


Innate Abilities, Weirdness & Mutations

You thrive by killing the living.
You are immune to poison.
You have sharp fingernails.
Your flesh is cold resistant. (rC+)
You are immune to negative energy. (rN+++)
You do not regenerate when monsters are visible.
You are immune to unholy pain and torment.


Message History

The quasit barely misses you.
The quasit claws you but does no damage.
The quasit closely misses you.
The orc priest casts a cantrip, but nothing happens.
You bludgeon the kobold demonologist!!
You kill the kobold demonologist!
Qazlal accepts your kill.
You feel better.
The quasit disappears in a puff of smoke!
The crimson imp disappears in a puff of smoke!
The iron imp disappears in a puff of smoke!
You block the quasit's attack. x2; The quasit barely misses you.
The fire crab bites you but does no damage.
The fire crab claws you!
You are engulfed in flames!
* * * LOW HITPOINT WARNING * * *
The quasit barely misses you. You block the quasit's attack.
The quasit closely misses you.
Found a potion of heal wounds, a crude brass ring and a potion of degeneration.
You block the quasit's attack. x3
The orc sorcerer hits you but does no damage.
The fire crab bites you!
* * * LOW HITPOINT WARNING * * *
You are engulfed in flames!
* * * LOW HITPOINT WARNING * * *
You block the fire crab's attack.
Okay, then.
Found 33 gold pieces.
Found a transporter.
The orc sorcerer casts a spell.
You block the orc priest's attack.
The orc priest looks encouraged for a moment.
You block the hellwing's attack. The hellwing hits you.
* * * LOW HITPOINT WARNING * * *
The orc priest casts a cantrip, but nothing happens.
Clouds arounds you coalesce and take form!
The kobold demonologist mumbles some strange words.
The fire crab bites you but does no damage.
You block the fire crab's attack.
The orc priest mumbles some strange prayers to Beogh against you.
Beogh smites you!
You die...

##############
........)......#
##############.#
8≈#...5KoK#≈8#.#
P.#≈≈≈≈≈≈≈#.≈#.##
$!#..≈≈≈.4#..#..##
©=+..≈⌠≈5.'.©#©..######P
$!#.E≈454.#..#..........
P.#≈≈≈≈@§≈#)P#.###.####.
8≈#.o.toot#P8#.# #.#
##############.# #.#
...............# #.#
###########################.#
..................#######...#
############......'.........#
#......#######...# #......#
#...#


You could see 2 fire crabs, a hellwing (summoned), an ice devil (summoned), 2
kobold demonologists, a chaos spawn (summoned), an orc sorcerer, 3 orc priests,
2 quasits, an ufetubus (summoned) and a friendly earth elemental (summoned).

Vanquished Creatures
  A cyclops (D:7)
  An elephant (D:9)
  A gargoyle (D:7)
  2 kobold demonologists
  2 hornets
  A vampire (D:5)
  4 wyverns
  A basilisk (D:9)
  11 yaks
  3 vampire mosquitoes (D:10)
  2 water moccasins
  A necrophage (D:7)
  2 orc warriors
  An ice beast (D:7)
  4 black bears
  A phantom (D:6)
  A centaur (D:9)
  An elf zombie (Ossuary)
  4 kobold brigands
  5 bullfrogs
  3 scorpions (D:6)
  4 killer bees
  5 wights (D:9)
  5 jellies
  A bullfrog zombie (D:5)
  6 centaur zombies
  Crazy Yiuf (D:3)
  3 hounds
  3 orc priests
  2 centaur skeletons
  An iguana (D:7)
  12 orc wizards
  3 killer bee zombies
  A hound skeleton (D:4)
  3 mummies
  A howler monkey zombie (D:9)
  Robin (D:4)
  7 gnolls
  A howler monkey skeleton (D:4)
  8 adders
  A shadow imp (D:5)
  A white imp (D:7)
  3 ufetubi
  2 adder skeletons (D:4)
  3 adder zombies (Ossuary)
  A worm (D:2)
  2 dart slugs
  39 orcs
  7 ball pythons
  A bat (D:3)
  6 endoplasms
  3 giant cockroaches
  13 goblins
  12 hobgoblins
  4 jackals
  6 quokkas
  4 frilled lizards
  10 hobgoblin zombies (Ossuary)
  15 kobolds
  12 kobold zombies (Ossuary)
  6 orc zombies (Ossuary)
  23 rats
  2 rat zombies (Ossuary)
296 creatures vanquished.

Vanquished Creatures (collateral kills)
  An adder (D:3)
1 creature vanquished.

Vanquished Creatures (others)
  A fungus (D:9)
  10 plants
11 creatures vanquished.

Grand Total: 308 creatures vanquished

Notes
Turn   | Place    | Note
-------+----------+-------------------------------------------
     0 | D:1      | Malachi the Ghoul Fighter began the quest for the Orb.
     0 | D:1      | Reached XP level 1. HP: 19/19 MP: 0/0
    59 | D:1      | Reached XP level 2. HP: 26/26 MP: 1/1
   647 | D:1      | Reached XP level 3. HP: 26/31 MP: 2/2
  1431 | D:2      | Found Xunenk's Magic Scroll Shoppe.
  1440 | D:2      | Found a shimmering altar of Xom.
  1504 | D:2      | Found a faded altar of an unknown god.
  1705 | D:2      | Reached XP level 4. HP: 40/40 MP: 3/3
  1946 | D:2      | Reached skill level 4 in Fighting
  3011 | D:3      | Found a runed translucent door.
  3012 | D:3      | Noticed Crazy Yiuf
  3123 | D:3      | Reached XP level 5. HP: 38/46 MP: 4/4
  3293 | D:3      | Found a burning altar of Makhleb.
  3982 | D:3      | Killed Crazy Yiuf
  4213 | D:4      | Found a sand-covered staircase.
  4225 | Ossuary  | Entered an ossuary
  4431 | Ossuary  | Reached XP level 6. HP: 35/53 MP: 5/5
  4455 | Ossuary  | Identified a scroll of acquirement
  4455 | Ossuary  | Acquired a +1 morningstar of protection
  4487 | Ossuary  | HP: 2/55 [centaur zombie (3)]
  4494 | Ossuary  | Reached skill level 5 in Fighting
  4496 | Ossuary  | HP: 1/56 [adder zombie (1)]
  4510 | Ossuary  | Reached XP level 7. HP: 1/61 MP: 6/6
  5241 | D:4      | Noticed Robin
  5277 | D:4      | Killed Robin
  5369 | D:4      | Found a snail-covered altar of Cheibriados.
  5459 | D:4      | Found a staircase to the Ecumenical Temple.
  5474 | Temple   | Entered the Ecumenical Temple
  5649 | Temple   | Became a worshipper of Qazlal Stormbringer
  5684 | D:5      | Entered Level 5 of the Dungeon
  6940 | D:5      | Noticed a vampire
  6943 | D:5      | Killed a vampire
  6944 | D:5      | Reached XP level 8. HP: 70/70 MP: 7/7
  6974 | D:5      | Reached skill level 6 in Fighting
  6974 | D:5      | Reached skill level 5 in Armour
  6974 | D:5      | Reached skill level 5 in Shields
  7123 | D:5      | Reached * piety under Qazlal
  7365 | D:6      | Found a broken altar of Ashenzari.
  7453 | D:6      | Found a hide-covered altar of Uskayaw.
  7469 | D:6      | Found a basalt altar of Yredelemnul.
  7616 | D:6      | Reached skill level 5 in Maces & Flails
  7847 | D:6      | Lost intelligence.
  8003 | D:7      | Reached skill level 7 in Fighting
  8003 | D:7      | Reached XP level 9. HP: 77/79 MP: 8/8
  8179 | D:7      | Reached skill level 1 in Invocations
  8187 | D:7      | Reached ** piety under Qazlal
  8580 | D:7      | Noticed a gargoyle
  8585 | D:7      | Killed a gargoyle
  8899 | D:7      | Reached XP level 10. HP: 81/88 MP: 10/12
  8900 | D:7      | Reached skill level 8 in Fighting
  8965 | D:7      | Noticed a cyclops
  8973 | D:7      | Killed a cyclops
  8974 | D:7      | Reached skill level 5 in Invocations
  9299 | D:7      | Acquired the +7 eveningstar "Finymuoh" {vorpal, rC+ Str+7}
  9585 | D:8      | Found Bifeisav's Distillery.
 10305 | D:8      | Reached *** piety under Qazlal
 10912 | D:9      | Found a staircase to the Lair.
 10912 | D:9      | Noticed an elephant
 10936 | D:9      | Killed an elephant
 11271 | D:9      | Reached XP level 11. HP: 79/95 MP: 15/15
 11367 | D:9      | Reached skill level 9 in Fighting
 11704 | D:10     | Entered Level 10 of the Dungeon
 11806 | D:10     | Found a transporter.
 11809 | D:10     | Noticed a fire crab
 11813 | D:10     | Noticed an orc sorcerer
 11816 | D:10     | Noticed a fire crab
 11834 | D:10     | Found a transporter.
 11835 | D:10     | Killed from afar by an orc priest

Illustrated notes

Levels and vault maps discovered:
D:1:      amcnicky_arrival_choice, layout_basic
D:2:      layout_rooms, serial_shops, shop, basic_altar,
          shapermc_ecumenical_altar_gd
D:3:      layout_loops_cross, mainiacjoe_overflow_small_starburst,
          minmay_rat_hole, uniq_crazy_yiuf_cottage
D:4:      layout_rooms, kennysheep_mini, minmay_temple_entry_antechambers,
          gup_ossuary_entry_pyramid, uniq_robin
D:5:      layout_basic
D:6:      layout_rooms, mainiacjoe_overflow_swirl, nicolae_ashenzari_panopticon
D:7:      nzn_winding_woodlands_three_and_one
          [nzn_winding_woodlands_5x15_split_checker,
          nzn_winding_woodlands_5x15_cabin, nzn_winding_woodlands_5x15_crooked,
          nzn_winding_woodlands_center_garden], layout_rooms
D:8:      layout_basic, lemuel_coloured_pillars_altar, serial_shops, shop
D:9:      layout_long_grid, david_lair_generic, minivault_16
D:10:     gammafunk_wand_slinger, layout_basic, fungi_pond_lemuel,
          kennysheep_cluttered_room, minmay_nine_imps
Temple:   eino_temple_rhombus

Skill      XL: |  1  2  3  4  5  6  7  8  9 10 11 |
---------------+----------------------------------+-----
Maces & Flails | 2 3 4 5 6 7 |  7.5
Armour         | 3 4 6 7 |  7.9
Shields        | 3 4 6 7 |  7.9
Fighting       | 4 5 7 8 9 |  9.4
Invocations    | 4 6 7 |  7.4

Action                   |  1- 3 |  4- 6 |  7- 9 | 10-12 || total
-------------------------+-------+-------+-------+-------++-------
Melee: Flail             |   112 |   318 |       |       ||   430
       Morningstar       |       |    47 |   340 |    13 ||   400
       Eveningstar       |       |       |       |   156 ||   156
Invok: Elemental Force   |       |       |       |     1 ||     1
  Use: Scroll            |     4 |     6 |     7 |     4 ||    21
       Potion            |       |     8 |     2 |     2 ||    12
 Stab: Invisible         |       |     6 |       |       ||     6
Armor: Scale mail        |    61 |   199 |    69 |       ||   329
       Chain mail        |       |       |   234 |   130 ||   364
Dodge: Dodged            |    31 |   149 |   101 |    59 ||   340
Block: Kite shield       |    56 |   220 |   261 |   178 ||   715
